 Dungeon Crawl Stone Soup version 0.32-a0-928-g1cae6b7ea0 (webtiles) character file.

Game seed: 8659595140530164734

711 sirdedalot the Thaumaturge (level 7, 0/36 HPs)
             Began as a Deep Elf Conjurer on Apr 13, 2024.
             Shot with a sling bullet by a gnoll sergeant (8 damage)
             ... on level 5 of the Dungeon.
             The game lasted 00:03:16 (4490 turns).

sirdedalot the Thaumaturge (Deep Elf Conjurer)      Turns: 4490, Time: 00:03:17

Health: 0/36       AC:  2    Str:  4    XL:     7   Next: 40%
Magic:  12/20      EV: 11    Int: 25    God:
Gold:   150        SH:  0    Dex: 13    Spells: 8/22 levels left

rFire   . . .        o - staff of alchemy
rCold   . . .        (no shield)
rNeg    . . .        a - +0 robe
rPois   +            (no helmet)
rElec   .            (no cloak)
rCorr   .            (no gloves)
SInv    .            (no boots)
Will    .....        (no amulet)
Stlth   +            (no ring)
HPRegen 0.26/turn    (no ring)
MPRegen 0.17/turn

%: no passive effects
@: on fire, glowing
A: no striking features
a: no special abilities


You were on level 5 of the Dungeon.
You visited 1 branch of the dungeon, and saw 5 of its levels.

You collected 150 gold pieces.

Inventory:

Missiles
 p - 7 poisoned darts
Armour
 a - a +0 robe (worn)
Magical Staves
 o - a staff of alchemy (weapon)
Jewellery
 g - an amulet of guardian spirit
Scrolls
 f - a scroll of blinking
 h - a scroll of fear
 j - 2 scrolls of poison
 k - a scroll of enchant weapon {unknown}
 l - a scroll of torment
 n - a scroll of noise
 q - a scroll of teleportation
Potions
 b - a potion of magic
 c - 3 potions of enlightenment {unknown}
 d - a potion of attraction {unknown}
 e - a potion of heal wounds {unknown}
 i - 3 potions of haste {unknown}


   Skills:
 - Level 2.4 Dodging
 - Level 2.4 Stealth
 + Level 8.3 Spellcasting
 - Level 6.0 Conjurations
 - Level 3.0 Translocations
 - Level 3.0 Alchemy


You had 8 spell levels left.
You knew the following spells:

 Your Spells              Type           Power      Damage    Failure   Level
a - Magic Dart            Conj           100%       1d8       1%          1
b - Searing Ray           Conj           80%        2d7       1%          2
c - Fulminant Prism       Conj/Alch      24%        3d12      9%          4
d - Iskenderun's Mystic Conj/Tloc 32%            2d8        (+2d4     9%          4
e - Mephitic Cloud        Conj/Alch/Air  38%        N/A       4%          3

Your spell library contained the following spells:

 Spells                   Type           Power      Damage    Failure   Level
 Dazzling Flash           Conj/Hex       50%        N/A       4%          3
 Stone Arrow              Conj/Erth      50%        3d10      4%          3
 Sandblast                Erth           20%        2d7       6%          1
 Brom's Barrelling Bould  Conj/Erth      25%        2d5       17%         4
 Curse of Agony           Necr           10%        N/A       85%         5
 Silence                  Hex/Air        5%         N/A       85%         5


Dungeon Overview and Level Annotations

Branches:
Dungeon (5/15)
 Temple: D:4-7

Altars:
Kikubaaqudgha
Qazlal


Message History

A gnoll comes into view. It is wielding a +0 flail.
Unknown command.
Casting: Searing Ray (safe; 1% risk of failure)
Confirm with . or Enter, or press ? or * to list all spells.
Restarting spell: Searing Ray (safe; 1% risk of failure)
Press: ? - help, Shift-Dir - straight line, f - bombardier beetle
Aim: a bombardier beetle (89% to hit)
The searing ray hits the bombardier beetle!
The bombardier beetle is moderately wounded. (Press . to maintain the ray.)
The bombardier beetle sprays incendiary fluid at you.
The burning spray hits you.
You are covered in liquid fire!
The searing ray hits the bombardier beetle.
The bombardier beetle is heavily wounded.
The liquid fire burns you!
The searing ray hits the bombardier beetle!
The bombardier beetle is almost dead.
The liquid fire burns you!
The bombardier beetle waves its antennae.
The bombardier beetle sprays incendiary fluid at you.
The burning spray hits you.
You are even more covered in liquid fire!
A gnoll comes into view. It is wielding a +0 whip.
The searing ray hits the bombardier beetle.
You kill the bombardier beetle!
You finish channelling your searing ray.
The liquid fire burns you! The gnoll hits you with a +0 flail!
A gnoll sergeant comes into view. It is wielding a +0 trident.
Unknown command.
Unknown command.
The liquid fire burns you!
* * * LOW HITPOINT WARNING * * *
The gnoll barely misses you.
The gnoll sergeant unwields a +0 trident.
The gnoll sergeant wields a +0 sling.
The gnoll sergeant shoots a sling bullet.
The sling bullet hits you!
You die...

..... ....
.[.. ..#
.†# #†# #.#
#@#
#..g).g...#
###.#######
#.# ..# ###


You could see a gnoll sergeant and a gnoll.

Vanquished Creatures
  2 black bears (D:4)
  2 scorpions (D:5)
  A howler monkey (D:4)
  A bombardier beetle (D:5)
  2 hounds
  2 orc priests (D:3)
  A jelly (D:5)
  An iguana (D:4)
  4 gnolls
  5 adders
  2 dart slugs
  11 orcs
  4 bats
  7 endoplasms
  3 giant cockroaches
  4 goblins
  7 hobgoblins
  7 jackals
  3 quokkas
  4 ball pythons
  A frilled lizard (D:1)
  6 kobolds
  4 rats
84 creatures vanquished.

Notes
Turn   | Place    | Note
-------+----------+-------------------------------------------
     0 | D:1      | sirdedalot the Deep Elf Conjurer began the quest for the
                  | Orb.
     0 | D:1      | Reached XP level 1. HP: 10/10 MP: 6/6
   239 | D:1      | Reached skill level 4 in Spellcasting
   239 | D:1      | Reached XP level 2. HP: 15/15 MP: 7/9
   242 | D:1      | Learned a level 2 spell: Searing Ray
  1090 | D:2      | Found a stormy altar of Qazlal.
  1149 | D:2      | Found a faded altar of an unknown god.
  1213 | D:2      | Reached XP level 3. HP: 19/19 MP: 9/11
  1263 | D:2      | Reached skill level 5 in Spellcasting
  1855 | D:3      | Reached skill level 6 in Spellcasting
  1855 | D:3      | Reached XP level 4. HP: 24/24 MP: 9/14
  1978 | D:3      | Found an ancient bone altar of Kikubaaqudgha.
  2286 | D:3      | Reached skill level 5 in Conjurations
  2286 | D:3      | Reached XP level 5. HP: 18/28 MP: 4/15
  3029 | D:4      | Learned a level 4 spell: Fulminant Prism
  3034 | D:4      | Learned a level 4 spell: Iskenderun's Mystic Blast
  3331 | D:4      | Noticed a black bear
  3339 | D:4      | Killed a black bear
  3340 | D:4      | Reached skill level 7 in Spellcasting
  3340 | D:4      | Reached XP level 6. HP: 23/32 MP: 7/18
  3457 | D:4      | Reached skill level 8 in Spellcasting
  3557 | D:4      | Reached skill level 1 in Alchemy
  3558 | D:4      | Reached skill level 1 in Translocations
  3918 | D:4      | Learned a level 3 spell: Mephitic Cloud
  4138 | D:5      | Entered Level 5 of the Dungeon
  4143 | D:5      | Reached XP level 7. HP: 36/36 MP: 14/20
  4490 | D:5      | Shot with a sling bullet by a gnoll sergeant

Illustrated notes

Levels and vault maps discovered:
D:1:      saegor_arrival_simple_b, layout_basic
D:2:      layout_rooms, basic_altar, basic_ecumenical_altar, grunt_ministairs_7
D:3:      layout_basic, mainiacjoe_overflow_six_doors_small
D:4:      layout_cave_pools, serial_bayou_pond_e
D:5:      layout_loops_ring, mainiacjoe_overflow_surrounded_room,
          temple_fountains

Skill      XL: |  1  2  3  4  5  6  7 |
---------------+----------------------+-----
Spellcasting   | 4 6 7 8 |  8.3
Conjurations   | 5 6 |  6.0
Alchemy        | 2 3 |  3.0
Translocations | 2 3 |  3.0
Dodging        | |  2.4
Stealth        | |  2.4

Action                     |  1- 3 |  4- 6 |  7- 9 || total
---------------------------+-------+-------+-------++-------
  Melee: Staff             |       |     8 |       ||     8
   Cast: Magic Dart        |    78 |    81 |     1 ||   160
         Searing Ray       |       |     8 |     7 ||    15
    Use: Scroll            |       |     6 |       ||     6
 Armour: Robe              |     5 |    23 |     3 ||    31
  Dodge: Dodged            |     3 |    20 |     7 ||    30

Table legend: (Time is in decaauts)
 A = Elapsed time spent in this place.
 B = Non-inter-level travel time spent in this place.
 C = Inter-level travel time spent in this place.
 D = Time resting spent in this place.
 E = Time spent auto-exploring this place.
 F = Levels seen in this place.
 G = Mean time per level.
                   A        B        C        D        E       F      G
               +--------+--------+--------+--------+--------+-----+--------+
         Total |   4491 |   4379 |    112 |    719 |   3286 |   5 |  898.2 |
       Dungeon |   4491 |   4379 |    112 |    719 |   3286 |   5 |  898.2 |
               +--------+--------+--------+--------+--------+-----+--------+

Top non-repeatable levels by time:
     D:4: 1504 daAuts
     D:3: 1168 daAuts
     D:1: 1090 daAuts
     D:2: 700 daAuts
     D:5: 28 daAuts
